 Dungeon Crawl Stone Soup version 0.31.0-11-ge490571c62 (webtiles) character file.

Game seed: 14599731281468578921

5264 MollyMolluskus the Grappler (level 10, -3/108 HPs)
             Began as an Octopode Fighter on Jan 28, 2024.
             Was a Believer of Wu Jian.
             Slain by a laughing skull (8 damage)
             ... on level 9 of the Dungeon.
             The game lasted 00:30:33 (9180 turns).

MollyMolluskus the Grappler (Octopode Fighter)      Turns: 9180, Time: 00:30:33

Health: -3/108     AC: 25    Str: 19    XL:     10   Next: 62%
Magic:  0/10       EV:  2    Int: 10    God:    Wu Jian [**....]
Gold:   282        SH:  6    Dex: 13    Spells: 9/9 levels left

rFire   . .          .
                       - Unarmed
rCold   . . .        a - +1 buckler
rNeg    . . .        v - melded +2 hat {Int+3}
rPois   +            l - amulet of guardian spirit
rElec   .            (no ring)
rCorr   .            (no ring)
SInv    .            (no ring)
Will    .....        (no ring)
Stlth   ++           (no ring)
HPRegen 0.38/turn    (no ring)
MPRegen 0.12/turn    (no ring)
                     (no ring)

%: guardian spirit
@: tree-form, on berserk cooldown, slowed, very slow
A: stationary, stasis, torment immunity, boosted hp, almost no armour,
(amphibious), 8 rings, (camouflage 1), (gelatinous body 1), (nimble swimmer 1),
(tentacles)
a: Renounce Religion, Wall Jump


You were on level 9 of the Dungeon.
You worshipped Wu Jian.
Wu Jian was pleased with you.
You were a tree.
You visited 2 branches of the dungeon, and saw 10 of its levels.
You also visited: Sewer.

You collected 463 gold pieces.
You spent 181 gold pieces at shops.

Inventory:

Hand Weapons
 b - a +1 dagger of electrocution
Missiles
 e - 8 javelins (quivered)
 i - 7 boomerangs
 j - 11 poisoned darts
 t - 2 throwing nets
Armour
 a - a +1 buckler (worn)
 v - a +2 hat of intelligence (melded)
Jewellery
 l - an amulet of guardian spirit (around neck)
Talismans
 q - a maw talisman
Wands
 g - a wand of flame (40)
 s - a wand of acid (4)
Scrolls
 d - 2 scrolls of revelation
 h - 2 scrolls of teleportation
Potions
 c - a potion of enlightenment
 f - 4 potions of haste
 k - 2 potions of mutation
 m - 7 potions of might
 n - a potion of berserk rage
 p - 2 potions of attraction
 r - a potion of curing
 u - a potion of degeneration {unknown}
 x - a potion of ambrosia {unknown}


   Skills:
 + Level 8.2 Fighting
 - Level 8.0 Dodging
 - Level 4.0 Stealth
 - Level 4.0 Shields
 + Level 9.3 Unarmed Combat
 + Level 4.9 Shapeshifting


You had 9 spell levels left.
You didn't know any spells.
Your spell library contained the following spells:

 Spells                   Type           Power      Damage    Failure   Level
 Magic Dart               Conj           0%         1d3       43%         1
 Slow                     Hex            0%         N/A       43%         1
 Cigotuvi's Dreadful Rot  Necr/Alch/Air  0%         N/A       56%         2
 Scorch                   Fire           0%         2d5       56%         2
 Searing Ray              Conj           0%         2d4       56%         2
 Confusing Touch          Hex            0%         N/A       80%         3
 Sigil of Binding         Hex            0%         N/A       80%         3
 Vampiric Draining        Necr           0%         2d6       80%         3
 Volatile Blastmotes      Fire/Tloc      0%         2d10      80%         3
 Flame Wave               Conj/Fire      0%         2d4       99%         4
 Fulminant Prism          Conj/Alch      0%         3d5       99%         4
 Ignite Poison            Fire/Alch      0%         N/A       99%         4
 Iskenderun's Mystic Bla  Conj/Tloc      0%         2d3       99%         4
 Alistair's Intoxication  Alch           0%         N/A       100%        5
 Borgnjor's Vile Clutch   Necr/Erth      0%         N/A       100%        5
 Freezing Cloud           Conj/Ice/Air   0%         6-21      100%        5
 Eringya's Noxious Bog    Alch           0%         4d6       100%        6
 Summon Cactus Giant      Summ           0%         N/A       100%        6


Dungeon Overview and Level Annotations

Branches:
Dungeon (9/15)             Temple (1/1) D:6           Sewer (visited)
   Lair: D:8-11         Orc: D:9-12

Altars:
Ashenzari
Cheibriados
Dithmenos
Elyvilon
Fedhas
Gozag
Hepliaklqana
Kikubaaqudgha
Makhleb
Nemelex Xobeh
Qazlal
Ru
Sif Muna
Trog
Vehumet
Wu Jian
Xom
Yredelemnul
Zin
The Shining One

Shops:
D:4 *


Innate Abilities, Weirdness & Mutations

You are a tree.
Your roots penetrate the ground, keeping you stationary.
You cannot be teleported.
You are immune to unholy pain and torment.
Your maximum health is greatly increased.
You cannot wear most types of armour.
((You are amphibious.))
You can wear up to eight rings at the same time.
((Your skin changes colour to match your surroundings (Stealth+).))
((Your rubbery body absorbs attacks. (AC +1, EV +1)))
((You are camouflaged when in or above water. (Stealth+)))
((You have tentacles for arms and can constrict up to eight enemies at once.))


Message History

The centaur warrior is heavily wounded.
The laughing skull misses you. You block the centaur warrior's attack.
The centaur warrior kicks you.
* * * LOW HITPOINT WARNING * * *
You barely miss the centaur warrior. You tentacle-slap the centaur warrior!
Your squeeze misses the centaur warrior.
The centaur warrior is heavily wounded.
The laughing skull cackles madly at the inevitable fate of oblivion.
You block the laughing skull's attack.
The centaur warrior hits you with a staff of air!
* * * LOW HITPOINT WARNING * * *
You are electrocuted!
* * * LOW HITPOINT WARNING * * *
The centaur warrior kicks you.
* * * LOW HITPOINT WARNING * * *
Unknown command.
Unknown command.
An orc warrior comes into view. It is wielding a +0 scimitar.
The orc warrior shouts!
The laughing skull attacks as it pursues you!
The laughing skull misses you.
You feel a strong urge to attack something.
The laughing skull attacks as it pursues you!
The laughing skull misses you.
You feel your anger nearly subside.
You are no longer berserk.
You are exhausted.
You feel yourself slow down.
The laughing skull attacks as it pursues you!
The laughing skull closely misses you.
Okay, then.
Okay, then.
You feel better. The laughing skull headbutts you!
* * * LOW HITPOINT WARNING * * *
You block the laughing skull's attack.
It was a potion of lignification.
You turn into a tree.
Your +2 hat of intelligence melds into your body.
You feel stupid.
Your roots penetrate the ground.
The laughing skull headbutts you!
You die...
The laughing skull crumbles to pieces from sheer joy.

##...............##
#...............##
###>................
##.................##
.........#...........
##.###..###........##
#.###.##...####.#..#.##
................#..#.#
########♣...........#.###
#......z########.##......
#.######.......#......###
#()o..######.#.###..#
#(####.....# # #..#
#.#..c####.# #..# #.#.##
#..# #o# #..# .#. #..#


You could see a laughing skull.

Vanquished Creatures
  Maurice (D:8)
  A komodo dragon (D:8)
  A hornet (D:8)
  Sigmund (D:3)
  A shadow (D:9)
  Eustachio (D:4)
  A wyvern (D:9)
  2 water moccasins
  Pargi (Sewer)
  4 orc warriors
  3 black bears
  An ogre (D:5)
  2 centaurs
  A boggart (D:9)
  2 phantoms (D:7)
  A kobold brigand (D:8)
  A brain worm (Sewer)
  3 bullfrogs
  A gnoll sergeant (D:7)
  4 scorpions
  3 wights (D:8)
  6 killer bees (D:9)
  A howler monkey (D:5)
  3 bombardier beetles
  2 gnoll boudas (D:6)
  4 jellies
  6 orc priests
  5 hounds
  Natasha (thrice) (D:3)
  Jessica (D:3)
  3 iguanas
  Ijyb (D:3)
  4 sleepcaps
  5 orc wizards
  Robin (D:3)
  13 gnolls
  7 adders
  2 ufetubi (D:6)
  A ribbon worm (D:2)
  6 dart slugs
  34 orcs
  6 ball pythons
  3 endoplasms
  2 giant cockroaches (Sewer)
  18 goblins
  9 hobgoblins
  4 quokkas
  5 bats
  3 frilled lizards
  12 kobolds
  2 rats
208 creatures vanquished.

Vanquished Creatures (others)
  An orc (D:7)
1 creature vanquished.

Grand Total: 209 creatures vanquished

Notes
Turn   | Place    | Note
-------+----------+-------------------------------------------
     0 | D:1      | MollyMolluskus the Octopode Fighter began the quest for the
                  | Orb.
     0 | D:1      | Reached XP level 1. HP: 16/16 MP: 1/1
   121 | D:1      | Found a faded altar of an unknown god.
   305 | D:1      | Reached XP level 2. HP: 15/21 MP: 2/2
   741 | D:1      | Reached skill level 1 in Stealth
   958 | D:1      | Reached XP level 3. HP: 26/26 MP: 3/3
  1491 | D:3      | Reached skill level 3 in Unarmed Combat
  1491 | D:3      | Reached XP level 4. HP: 31/31 MP: 4/4
  1585 | D:3      | Noticed Natasha
  1599 | D:3      | Killed Natasha
  1600 | D:3      | Reached XP level 5. HP: 20/36 MP: 5/5
  1702 | D:3      | Noticed Ijyb
  1709 | D:3      | Killed Ijyb
  1887 | D:3      | Noticed Sigmund
  1892 | D:3      | Killed Sigmund
  1893 | D:3      | Reached skill level 4 in Unarmed Combat
  1893 | D:3      | Reached XP level 6. HP: 37/43 MP: 6/6
  2189 | D:3      | Noticed Robin
  2247 | D:3      | Noticed Jessica
  2256 | D:3      | Killed Jessica
  2280 | D:3      | Killed Robin
  2696 | D:3      | Noticed Natasha
  2704 | D:3      | Killed Natasha
  2818 | D:3      | Noticed Natasha
  2825 | D:3      | Killed Natasha
  2865 | D:4      | Noticed Eustachio
  2866 | D:4      | Found a radiant altar of Vehumet.
  2877 | D:4      | Killed Eustachio
  2878 | D:4      | Reached XP level 7. HP: 27/49 MP: 7/7
  2902 | D:4      | Reached skill level 5 in Unarmed Combat
  3065 | D:4      | Found a glowing drain.
  3070 | Sewer    | Entered a sewer
  3213 | Sewer    | Noticed Pargi
  3237 | Sewer    | Killed Pargi
  3238 | Sewer    | Reached XP level 8. HP: 24/54 MP: 3/8
  3610 | D:4      | Reached skill level 5 in Fighting
  3705 | D:4      | Reached skill level 6 in Unarmed Combat
  3768 | D:4      | Found Atta Duz's General Store.
  3772 | D:4      | Found Vammicw's Specific Store.
  3776 | D:4      | Bought a scroll of noise for 11 gold pieces
  3782 | D:4      | Bought 2 potions of might for 88 gold pieces
  3782 | D:4      | Bought a scroll of enchant weapon for 82 gold pieces
  3900 | D:5      | Entered Level 5 of the Dungeon
  3915 | D:5      | Reached skill level 5 in Dodging
  4023 | D:5      | Identified the +3 glaive of Conformity {freeze, rC+ Will+}
  4375 | D:5      | Reached skill level 7 in Unarmed Combat
  4735 | D:6      | Reached XP level 9. HP: 62/62 MP: 9/9
  4761 | D:6      | Reached skill level 1 in Shapeshifting
  4923 | D:6      | Found a staircase to the Ecumenical Temple.
  4938 | Temple   | Entered the Ecumenical Temple
  4963 | Temple   | Became a worshipper of the Wu Jian Council
  5877 | D:6      | Reached skill level 8 in Unarmed Combat
  6571 | D:7      | Found a sparkling altar of Nemelex Xobeh.
  6571 | D:7      | Found a shimmering blue altar of Sif Muna.
  6579 | D:7      | Found a shimmering altar of Xom.
  6581 | D:7      | Found a snail-covered altar of Cheibriados.
  6583 | D:7      | Found a bloodstained altar of Trog.
  6741 | D:7      | Reached * piety under Wu Jian
  7166 | D:7      | Found a glowing golden altar of the Shining One.
  7417 | D:8      | Reached XP level 10. HP: 71/71 MP: 10/10
  7482 | D:8      | Noticed Maurice
  7494 | D:8      | Killed Maurice
  7806 | D:8      | Reached skill level 9 in Unarmed Combat
  7816 | D:8      | Reached ** piety under Wu Jian
  9037 | D:9      | Found a stormy altar of Qazlal.
  9038 | D:9      | Found a burning altar of Makhleb.
  9042 | D:9      | Found a white marble altar of Elyvilon.
  9048 | D:9      | Found a shadowy altar of Dithmenos.
  9132 | D:9      | Noticed a centaur warrior
  9174 | D:9      | HP: 2/108 [centaur warrior/staff of air (4)]
  9179 | D:9      | HP: 3/72 [laughing skull (7)]
  9180 | D:9      | Slain by a laughing skull

Illustrated notes

Levels and vault maps discovered:
D:1:      minmay_arrival_open_corners, layout_loops_corners,
          ebering_ecumenical_altar_hall, minmay_hexomino_u4
D:2:      layout_rooms, nicolae_the_louvre
D:3:      layout_basic, minmay_cut_off, uniq_ijyb, uniq_jessica, uniq_natasha,
          uniq_sigmund, uniq_robin
D:4:      layout_rooms, mainiacjoe_overflow_concentric_impassable,
          portal_sewer_entry_e, chequers_serial_rivers_micro_c,
          minmay_statues_item, nicolae_specific_store, uniq_eustachio
D:5:      layout_loops_ring, chequers_serial_rivers_marsh
D:6:      layout_loops_cross, minmay_temple_entry_statues_pillars
D:7:      layout_rooms, tso_altar, chequers_temple_overflow_minitemple
D:8:      layout_basic, kennysheep_doodads, uniq_maurice
D:9:      minmay_distorted_concentric_squares, layout_loops_ring,
          okawaru_altar_gauntlet_db, minitemple, orc_0_dummy,
          gammafunk_ghost_nasty_kobolds, chequers_serial_rivers_small_3,
          minmay_puff, uniq_erica
Temple:   jpeg_temple_island

Skill      XL: |  1  2  3  4  5  6  7  8  9 10 |
---------------+-------------------------------+-----
Stealth        | 1 2 3 4 |  4.0
Unarmed Combat | 3 4 5 7 8 9 |  9.3
Fighting       | 4 6 7 8 |  8.2
Dodging        | 4 5 7 8 |  8.0
Shields        | 4 |  4.0
Shapeshifting  | 3 4 |  4.9

Action                     |  1- 3 |  4- 6 |  7- 9 | 10-12 || total
---------------------------+-------+-------+-------+-------++-------
  Melee: Unarmed           |    37 |     2 |   239 |    92 ||   370
         Tentacles         |    16 |    20 |    87 |    27 ||   150
         Constrict         |    24 |    15 |    77 |    19 ||   135
         Dagger            |    35 |    69 |    52 |       ||   156
         Punch             |     1 |     3 |    20 |     6 ||    30
  Throw: Javelin           |       |     3 |     5 |    10 ||    18
Ability: Lunge             |       |       |    25 |     9 ||    34
         Whirlwind         |       |       |     1 |     3 ||     4
  Evoke: Wand              |       |       |     3 |       ||     3
    Use: Scroll            |     6 |       |     9 |     3 ||    18
         Potion            |       |       |       |     6 ||     6
   Stab: Sleeping          |     8 |     5 |    21 |     3 ||    37
         Distracted        |       |       |       |     1 ||     1
 Armour: Skin              |    25 |    19 |   125 |    52 ||   221
  Dodge: Dodged            |    24 |    24 |   179 |    53 ||   280
  Block: Buckler           |    12 |     9 |    91 |    21 ||   133
